Map: Blueshift LE

Players

Lambo - Winner!

  • Race: Zerg Zerg
  • League: Master
  • Spawn Location: 7:00

Ikebana

  • Race: Terran Terran
  • League: Master
  • Spawn Location: 1:00

VOD

Have the link to the VOD?

Description

Time

  • Played on: Dec. 25, 2018, 12:38 p.m.
  • Length: 13:31
Show
View Real Time Build Order
Export as new Build Order

Lambo Zerg - Winner!

Build Orders: Hatch First 

Get SALT Encoding   

  12  0:00  Drone  
  13  0:13  Overlord  
  13  0:16  Drone  
  14  0:32  Drone x2  
  16  0:47  Hatchery  
  15  0:50  Drone  
  15  0:55  Drone  
  17  0:57  Drone  
  18  1:08  Extractor  
  17  1:12  Spawning Pool  
  17  1:15  Drone  
  17  1:19  Drone  
  18  1:30  Drone  
  19  1:41  Drone  
  20  1:55  Overlord  
  20  1:59  Queen x2  
  20  2:00  Zergling x2  
  26  2:01  Zergling x2  
  26  2:11  Metabolic Boost  
  26  2:13  Drone x2  
  28  2:20  Drone  
  29  2:25  Spore Crawler  
  29  2:26  Drone  
  29  2:32  Drone  
  29  2:35  Queen  
  33  2:48  Pneumatized Carapace  
  33  2:54  Overlord  
  33  2:57  Hatchery  
  32  2:59  Drone  
  32  3:01  Drone  
  32  3:04  Drone  
  35  3:06  Drone  
  36  3:14  Drone x3  
  36  3:17  Overlord  
  39  3:22  Drone  
  39  3:24  Queen  
  42  3:27  Drone  
  42  3:31  Drone  
  44  3:37  Drone  
  44  3:38  Drone  
  44  3:41  Queen  
  48  3:45  Drone x2  
  48  3:46  Overlord  
  50  3:50  Zergling x4  
  50  3:55  Overlord  
  52  3:59  Overlord  
  52  4:04  Queen  
  52  4:05  Overlord  
  54  4:10  Baneling Nest  
  54  4:12  Zergling x4  
  54  4:14  Drone x2  
  54  4:16  Drone  
  58  4:18  Drone  
  58  4:20  Drone  
  58  4:23  Drone  
  58  4:24  Drone  
  62  4:25  Drone  
  62  4:27  Drone  
  64  4:32  Lair, Drone  
  64  4:37  Extractor, Drone x2  
  64  4:38  Extractor  
  65  4:41  Drone x2  
  65  4:42  Drone  
  65  4:44  Overlord  
  68  4:50  Overlord  
  68  4:52  Overlord  
  68  5:00  Evolution Chamber, Drone x3  
  68  5:01  Drone  
  68  5:02  Overlord  
  68  5:04  Zergling x6  
  74  5:08  Zergling x2  
  74  5:12  Drone x2  
  77  5:14  Baneling x9  
  77  5:18  Queen  
  77  5:19  Zergling x2  
  80  5:22  Zergling x4  
  80  5:26  Zergling x6  
  80  5:28  Baneling x3  
  84  5:31  Zergling x6  
  84  5:35  Zergling x2  
  88  5:39  Centrifical Hooks  
  88  5:40  Overlord  
  88  5:41  Zergling x2  
  88  5:42  Zergling x2  
  90  5:45  Queen  
  90  5:46  Drone  
  90  5:47  Drone  
  94  5:54  Zergling x2  
  94  5:55  Zergling x6  
  98  5:57  Drone  
  98  6:00  Evolution Chamber  
  89  6:04  Zergling x12  
  89  6:07  Baneling  
  89  6:08  Baneling x2  
  89  6:09  Zergling x2  
  89  6:10  Zergling x2  
  94  6:18  Zergling x10  
  88  6:25  Zerg Ground Armor Level 1  
  88  6:26  Drone x3, Zerg Melee Weapons Level 1  
  88  6:27  Drone x2  
  88  6:30  Extractor  
  92  6:34  Zergling x6  
  95  6:40  Zergling x2  
  95  6:43  Hatchery  
  95  6:51  Zergling x6  
  97  6:56  Zergling x4  
  97  6:57  Baneling  
  97  6:58  Queen x2, Baneling x5  
  97  6:59  Queen  
  103  7:02  Overlord  
  103  7:03  Zergling x6  
  103  7:06  Baneling x2  
  103  7:11  Zergling x10  
  103  7:14  Baneling x5  
  108  7:18  Overlord  
  108  7:19  Overlord, Zergling x4  
  108  7:22  Zergling x2  
  111  7:29  Zergling x10  
  115  7:33  Zergling x4  
  115  7:36  Drone  
  117  7:37  Infestation Pit  
  117  7:42  Drone x6  
  121  7:46  Drone x2  
  123  7:53  Drone  
  124  7:59  Zergling x6  
  124  8:00  Baneling x10  
  124  8:02  Zergling x4  
  129  8:08  Drone x4  
  129  8:10  Queen, Drone  
  134  8:14  Drone x3  
  134  8:16  Drone x2  
  134  8:17  Drone x2  
  141  8:20  Zerg Ground Armor Level 2, Zerg Melee Weapons Level 2, Hive  
  141  8:21  Drone  
  141  8:22  Drone  
  143  8:28  Overlord  
  143  8:30  Overlord  
  143  8:32  Overlord, Hatchery  
  142  8:34  Overlord  
  142  8:36  Overlord  
  142  8:37  Overlord  
  142  8:39  Overlord  
  137  8:49  Zergling x14  
  137  8:53  Zergling x2  
  145  8:57  Zergling x4  
  145  9:01  Zergling x10  
  152  9:07  Zergling x2  
  153  9:14  Zergling x6  
  153  9:15  Spore Crawler  
  155  9:17  Baneling x9  
  155  9:21  Zergling x6  
  156  9:28  Zergling x22  
  156  9:31  Zergling x6  
  161  9:36  Zergling x4  
  163  9:41  Adrenal Glands  
  163  9:42  Ultralisk Cavern  
  162  9:46  Drone x2  
  162  9:48  Zergling x4, Baneling x6  
  162  9:49  Zergling x2  
  162  9:51  Baneling  
  167  9:53  Zergling x6  
  162  10:04  Zergling x14  
  141  10:08  Zergling x2  
  141  10:09  Zergling x2  
  141  10:11  Baneling x14  
  141  10:12  Zergling x8  
  146  10:17  Zergling x4  
  146  10:23  Zergling x10  
  145  10:29  Zergling x16  
  150  10:36  Hatchery  
  150  10:39  Queen x2, Zergling x4  
  150  10:42  Overlord  
  138  10:50  Zergling x14  
  138  10:51  Chitinous Plating  
  138  10:53  Zerg Ground Armor Level 3  
  141  11:01  Extractor x2  
  141  11:02  Drone x3  
  141  11:03  Drone x3  
  145  11:16  Zergling x12  
  146  11:28  Zergling x22  
  143  11:33  Zergling x8  
  143  11:39  Zergling x2  
  140  11:47  Ultralisk x2  
  147  11:50  Extractor, Drone x3  
  147  11:51  Spore Crawler  
  147  11:52  Spore Crawler  
  147  11:59  Zergling x32  
  163  12:03  Spire  
  161  12:13  Zergling x20  
  157  12:20  Zergling x2  
  157  12:21  Zergling x18  
  156  12:27  Ultralisk x3  
  167  12:33  Zergling x14  
  167  12:35  Anabolic Synthesis  
  174  12:39  Spore Crawler  
  174  12:40  Spore Crawler  
  174  12:42  Zergling x14  
  174  12:44  Baneling x7  
  179  12:46  Zergling x2  
  179  12:47  Zergling x2  
  181  12:53  Spore Crawler, Hatchery  
  181  12:55  Zergling x26  
  180  13:02  Drone x3  
  183  13:08  Spore Crawler  
Show
View Real Time Build Order
Export as new Build Order

Ikebana Terran 

Build Orders: Reaper Expand 

Get SALT Encoding   

  12  0:00  SCV  
  13  0:12  SCV  
  14  0:17  Supply Depot  
  14  0:24  SCV  
  15  0:38  SCV  
  15  0:40  Barracks  
  16  0:43  Refinery  
  16  0:50  SCV  
  17  1:02  SCV  
  18  1:15  SCV  
  19  1:27  Reaper  
  19  1:28  Orbital Command  
  20  1:40  Command Center  
  20  1:50  Supply Depot  
  20  1:53  SCV  
  21  1:59  Marine  
  22  2:05  SCV  
  22  2:08  Factory  
  23  2:18  Barracks  
  23  2:27  Barracks Reactor  
  23  2:28  SCV  
  23  2:29  Refinery  
  24  2:40  SCV  
  25  2:52  Orbital Command  
  25  2:53  SCV  
  26  2:59  Starport  
  26  3:05  SCV  
  27  3:06  Hellion x2  
  27  3:09  Barracks Tech Lab  
  31  3:17  SCV  
  31  3:18  SCV  
  33  3:24  Supply Depot  
  33  3:31  Stimpack  
  33  3:32  SCV  
  33  3:33  SCV  
  35  3:40  Viking  
  35  3:41  Hellion  
  39  3:45  Barracks Tech Lab  
  39  3:47  Supply Depot  
  39  3:48  SCV x2  
  41  3:52  Marine  
  42  4:00  SCV x2  
  44  4:03  Refinery  
  44  4:10  Starport Reactor  
  44  4:14  SCV x2  
  44  4:15  Engineering Bay  
  46  4:20  Marine x3  
  46  4:23  Supply Depot  
  49  4:27  Siege Tank  
  49  4:29  SCV x2  
  54  4:37  Marine x2  
  56  4:41  SCV x2  
  58  4:47  Supply Depot  
  58  4:48  Terran Infantry Weapons Level 1  
  58  4:50  Marine, Medivac  
  61  4:55  Marine x2, SCV x2  
  65  5:02  Siege Tank  
  68  5:08  Marine  
  68  5:09  Command Center  
  68  5:13  Marine x2  
  71  5:16  SCV x2  
  71  5:20  Supply Depot  
  73  5:26  Marine  
  73  5:27  Barracks  
  73  5:28  SCV x2  
  76  5:30  Starport Reactor  
  76  5:31  Marine  
  77  5:40  SCV  
  78  5:44  Marine x2  
  78  5:46  Siege Tank  
  78  5:48  SCV  
  78  5:49  Marine  
  85  5:50  Refinery  
  85  5:52  SCV, Supply Depot  
  86  6:03  SCV  
  84  6:06  Marine x2  
  86  6:14  Marine, SCV  
  86  6:15  SCV  
  78  6:24  SCV  
  78  6:25  Marine x4  
  81  6:27  Siege Tank  
  81  6:28  Combat Shield, Medivac x2  
  81  6:30  SCV x2  
  90  6:36  Orbital Command  
  90  6:37  Marine  
  91  6:42  Marine, Terran Infantry Armor Level 1  
  91  6:43  SCV  
  91  6:45  SCV  
  94  6:48  Armory  
  94  6:49  Engineering Bay  
  94  6:52  Marine x2  
  96  6:55  SCV  
  96  6:57  Marine, SCV  
  96  6:58  Marine  
  96  6:59  Siege Tank  
  96  7:00  Marine  
  104  7:04  Medivac  
  104  7:10  Marine x2  
  104  7:12  SCV x3  
  109  7:23  Barracks  
  109  7:25  Marine  
  109  7:26  Barracks  
  109  7:27  Marine x2  
  109  7:28  Marine  
  108  7:37  SCV  
  108  7:42  Supply Depot  
  108  7:43  Marine x2, SCV x2  
  113  7:44  Marine x2, Siege Tank  
  113  7:45  Terran Infantry Weapons Level 2  
  113  7:46  Liberator x2  
  113  7:48  Supply Depot x2  
  113  7:49  Refinery  
  116  7:52  SCV  
  116  7:53  Supply Depot  
  116  7:54  Supply Depot  
  117  7:59  Command Center  
  117  8:03  Marine  
  117  8:05  SCV  
  125  8:06  Marine  
  125  8:09  Marine, SCV  
  125  8:11  Marine x2  
  130  8:14  Barracks Reactor x2  
  130  8:17  Supply Depot  
  130  8:18  Siege Tank  
  130  8:19  Supply Depot  
  132  8:21  Marine  
  132  8:22  Refinery, SCV x3  
  132  8:24  Marine  
  138  8:34  SCV  
  138  8:36  Marine x3, Liberator x2  
  138  8:39  Marine  
  142  8:46  Marine  
  141  8:50  Marine x3  
  141  8:51  SCV  
  141  8:52  Marine, Siege Tank  
  141  8:54  Marine  
  156  8:58  Supply Depot  
  156  9:01  Supply Depot, Terran Infantry Armor Level 2  
  156  9:06  Marine x4  
  156  9:08  Marine x2  
  156  9:09  Marine  
  163  9:10  Marine  
  164  9:18  Liberator  
  164  9:20  Supply Depot x2  
  163  9:25  Liberator  
  158  9:36  SCV  
  162  9:41  Siege Tank  
  162  9:43  Supply Depot  
  162  9:44  Supply Depot  
  168  9:49  Marine x2  
  168  9:51  Marine x2, SCV x2  
  173  10:01  Liberator  
  173  10:06  Marine x5  
  173  10:07  Marine  
  140  10:09  Marine  
  140  10:10  Marine x2  
  140  10:13  Siege Tank  
  142  10:14  Liberator  
  142  10:19  SCV  
  142  10:24  Marine x5  
  142  10:27  SCV  
  143  10:32  SCV  
  143  10:35  SCV  
  143  10:44  Liberator  
  143  10:47  Marine x4  
  124  10:55  SCV x3  
  121  10:57  Liberator  
  121  10:59  Siege Tank  
  126  11:04  Factory  
  126  11:08  Marauder  
  126  11:09  Marine x4  
  126  11:10  Marine x3  
  135  11:12  SCV x2  
  135  11:13  SCV  
  141  11:23  Planetary Fortress  
  141  11:25  Refinery  
  123  11:33  Marine, SCV x2  
  123  11:34  Marine x7  
  123  11:38  SCV  
  119  11:43  Marine  
  119  11:45  SCV x2  
  119  11:46  Liberator  
  119  11:50  SCV, Siege Tank  
  119  11:51  Marine  
  114  12:19  SCV  
  114  12:20  SCV  
  114  12:22  SCV  
  103  12:27  SCV  
  98  12:31  SCV  
  98  12:32  SCV  
  100  12:38  Marine x6  
  100  12:39  Marine x2  
  100  12:41  SCV x2  
  110  12:47  Marine, Siege Tank  
  110  12:49  SCV  
  113  13:00  SCV  
  113  13:01  Marine, SCV x2  
  113  13:02  Marine x3  
  113  13:03  Marine  
  121  13:06  Marine  
  122  13:13  SCV  
  122  13:14  SCV  
Tags
 
Add a new tag
Caveats
  • Supply blocks, unpowered buildings, or Contaminate may cause inaccurate times.
  • Supply counts are checked every 10 seconds.